 Dungeon Crawl Stone Soup version 0.22.1-2-g9c5b331 (webtiles) character file.

4421 step280290 the Fighter (level 10, -21/94 HPs)
             Began as a Minotaur Berserker on Dec 14, 2018.
             Was an Elder of Trog.
             Demolished by a two-headed ogre
             ... wielding a +0 giant club
              (24 damage)
             ... on level 7 of the Dungeon.
             The game lasted 00:31:42 (8249 turns).

step280290 the Fighter (Minotaur Berserker)         Turns: 8249, Time: 00:31:43

Health: -21/94     AC: 10    Str: 22    XL:     10   Next: 14%
Magic:  9/9        EV: 11    Int:  4    God:    Trog [****..]
Gold:   357        SH:  0    Dex: 13    Spells: 9/9 levels left

rFire    . . .     SeeInvis .   C - +0 battleaxe
rCold    . . .     Gourm    .   (shield currently unavailable)
rNeg     . . .     Faith    .   D - +0 chain mail
rPois    .         Spirit   .   (helmet restricted)
rElec    .         Reflect  .   (no cloak)
rCorr    .         Harm     .   (no gloves)
MR       .....                  (no boots)
Stlth    ..........             (no amulet)
HPRegen  0.25/turn              (no ring)
MPRegen  0.11/turn              (no ring)

@: drained
A: retaliatory headbutt, horns 2
a: Berserk, Trog's Hand, Brothers in Arms, Renounce Religion


You were on level 7 of the Dungeon.
You worshipped Trog.
Trog was greatly pleased with you.
You were not hungry.

You visited 2 branches of the dungeon, and saw 9 of its levels.

You collected 357 gold pieces.

Inventory:

Hand Weapons
 C - a +0 battleaxe (weapon)
Armour
 D - a +0 chain mail (worn)
Jewellery
 g - an uncursed ring of protection from cold {unknown}
 u - an uncursed ring of wizardry {unknown}
Wands
 a - a wand of acid (4)
 h - a wand of flame (22)
 s - a wand of paralysis (17)
 y - a wand of random effects (28)
 A - a wand of disintegration (17)
Scrolls
 b - a scroll of enchant armour
 f - a scroll of blinking {unknown}
 i - 4 scrolls of immolation
 m - a scroll of noise {unknown}
 n - 3 scrolls of teleportation {unknown}
 q - 7 scrolls of identify {unknown}
 r - a scroll of magic mapping {unknown}
 t - 2 scrolls of amnesia {unknown}
 v - 2 scrolls of remove curse
 w - a scroll of acquirement {unknown}
 z - a scroll of fear {unknown}
Potions
 d - 2 potions of brilliance {unknown}
 e - a potion of lignification {unknown}
 j - a potion of might {unknown}
 k - a potion of flight {unknown}
 l - 5 potions of curing {unknown}
 o - a potion of invisibility {unknown}
 p - a potion of haste {unknown}
 x - 2 potions of resistance {unknown}
Comestibles
 c - 10 rations


   Skills:
 + Level 10.7(10.3) Fighting
 + Level 10.7(10.3) Axes
 + Level 7.7(7.3) Armour
 + Level 7.0(6.7) Dodging


You had 9 spell levels left.
You didn't know any spells.
Your spell library was empty.

Dungeon Overview and Level Annotations

Branches:
Dungeon (8/15)             Temple (1/1) D:4
   Lair: D:8-11

Altars:
Ashenzari
Dithmenos
Elyvilon
Fedhas
Gozag
Kikubaaqudgha
Makhleb
Nemelex Xobeh
Okawaru
Qazlal
Ru
Sif Muna
Trog
Uskayaw
Vehumet
Wu Jian
Xom
Yredelemnul
Zin
The Shining One

Annotations:
D:4 exclusion: statue


Innate Abilities, Weirdness & Mutations

You reflexively headbutt those who attack you in melee.
You have a pair of horns on your head.


Message History

The worker ant bites you.
You hit the worker ant.
You kill the worker ant!
Trog accepts your kill.
You slice the two-headed ogre!!
The two-headed ogre hits you with a giant club.
The two-headed ogre hits you with a giant spiked club!!
The two-headed ogre barely misses you. The two-headed ogre misses you.
You climb upwards.
There is a stone staircase leading down here.
You hit the two-headed ogre. You headbutt the two-headed ogre.
The two-headed ogre is almost dead.
The two-headed ogre hits you with a giant club!!
* * * LOW HITPOINT WARNING * * *
The two-headed ogre hits you with a giant spiked club.
* * * LOW HITPOINT WARNING * * *
You barely miss the two-headed ogre.
The two-headed ogre is severely wounded.
The two-headed ogre hits you with a giant club!!
You die...

.....# ######......# #.#
.....# #...##.###..# #.#
....(# #.#....# #.(# ####.#
.....# #.#..### #..# #....#
#'#### #.#..# #..# #.####
#.########.#..# #..# #...#
#..........#..# #..#####.###
############..#####.>........#
#.......####....@O..###<...#.#
#.###.#.#....######.#....#...#
..###'#'#[#### #.#.##.#.###
..........# #...##.#.#
.........## ######.#.#
.........# #.#.# .....)...#
#.#.##### .........# #.#.#...#
.........# #.#.#.#.##


You could see a two-headed ogre.

Vanquished Creatures
  The ghost of Gandalfino the Chopper, a novice NaFi of Cheibriados (D:6)
  The ghost of Frank the Slasher, a novice OpFi (D:6)
  The ghost of buskinjo the Chiller, a novice MfIE (D:6)
  Prince Ribbit (D:7)
  Grinder (D:6)
  Eustachio (D:6)
  2 orc warriors
  An ice beast (D:7)
  2 sky beasts
  3 phantoms
  6 ogres
  2 centaurs
  A bullfrog (D:6)
  5 scorpions
  6 wights
  2 electric eels (D:6)
  2 hounds
  3 orc priests
  A jelly (D:7)
  5 orc wizards
  A centaur skeleton (D:7)
  Ijyb (D:3)
  6 worker ants
  A worker ant zombie (D:7)
  9 adders
  4 gnolls (D:2)
  A river rat (D:4)
  2 shadow imps
  An ooze (D:6)
  An adder zombie (D:7)
  An adder skeleton (D:4)
  8 worms
  2 dart slugs
  3 leopard geckos
  11 orcs
  2 ball pythons (D:4)
  2 bats (D:3)
  4 giant cockroaches
  8 hobgoblins
  11 jackals
  8 kobolds
  3 quokkas
  5 frilled lizards
  7 goblins
  6 rats
  A plant (D:3)
156 creatures vanquished.

Notes
Turn   | Place    | Note
-------+----------+-------------------------------------------
     0 | D:1      | step280290 the Minotaur Berserker began the quest for the
                  | Orb.
     0 | D:1      | Reached XP level 1. HP: 19/19 MP: 0/0
   124 | D:1      | Reached XP level 2. HP: 19/27 MP: 1/1
   649 | D:2      | Reached XP level 3. HP: 9/33 MP: 2/2
   673 | D:2      | HP: 1/33 [poisoned by an adder]
  1313 | D:2      | Reached ** piety under Trog
  1344 | D:2      | Found a sparkling altar of Nemelex Xobeh.
  1640 | D:2      | Reached XP level 4. HP: 41/41 MP: 3/3
  1661 | D:2      | Reached skill level 5 in Fighting
  1661 | D:2      | Reached skill level 5 in Axes
  2309 | D:3      | Noticed Ijyb
  2325 | D:3      | Killed Ijyb
  2325 | D:3      | Reached XP level 5. HP: 48/48 MP: 4/4
  2343 | D:3      | Found a glowing golden altar of the Shining One.
  2349 | D:3      | Found a basalt altar of Yredelemnul.
  2365 | D:3      | Found a shattered altar of Ashenzari.
  2987 | D:3      | Reached *** piety under Trog
  3485 | D:4      | Noticed a phantom
  3513 | D:4      | Killed a phantom
  3513 | D:4      | Reached XP level 6. HP: 48/58 MP: 5/5
  3541 | D:4      | Found a radiant altar of Vehumet.
  3695 | D:4      | Found a staircase to the Ecumenical Temple.
  3782 | D:4      | Reached XP level 7. HP: 66/66 MP: 6/6
  4401 | Temple   | Entered the Ecumenical Temple
  4560 | D:5      | Entered Level 5 of the Dungeon
  4854 | D:5      | Reached XP level 8. HP: 59/75 MP: 7/7
  5856 | D:6      | Noticed Grinder
  5858 | D:6      | Reached **** piety under Trog
  5864 | D:6      | Killed Grinder
  5986 | D:6      | Found a runed gate.
  5987 | D:6      | Found a runed gate.
  5988 | D:6      | Found a runed gate.
  6011 | D:6      | Received a gift from Trog
  6012 | D:6      | Noticed Gandalfino's ghost (novice NaFi)
  6013 | D:6      | Noticed buskinjo's ghost (novice MfIE)
  6015 | D:6      | Noticed Frank's ghost (novice OpFi)
  6040 | D:6      | Killed Gandalfino's ghost
  6040 | D:6      | Reached skill level 5 in Armour
  6040 | D:6      | Reached skill level 5 in Dodging
  6040 | D:6      | Reached XP level 9. HP: 84/84 MP: 8/8
  6048 | D:6      | Killed Frank's ghost
  6051 | D:6      | Killed buskinjo's ghost
  6164 | D:6      | Reached skill level 10 in Axes
  6172 | D:6      | Reached skill level 10 in Fighting
  6359 | D:6      | Found a stormy altar of Qazlal.
  6523 | D:6      | Noticed Eustachio
  6548 | D:6      | Killed Eustachio
  7001 | D:7      | Noticed Prince Ribbit
  7302 | D:7      | Reached XP level 10. HP: 85/94 MP: 9/9
  7432 | D:7      | Killed Prince Ribbit
  7550 | D:7      | Found a hide-covered altar of Uskayaw.
  7955 | D:8      | Noticed a two-headed ogre
  8244 | D:7      | HP: 2/94 [two-headed ogre/giant club (6)]
  8249 | D:7      | Demolished by a two-headed ogre

Skill      XL: |  1  2  3  4  5  6  7  8  9 10 |
---------------+-------------------------------+-----
Axes           | 4 5 6 7 8 9 10 | 10.7
Fighting       | 4 5 6 7 8 9 10 | 10.7
Armour         | 3 5 7 |  7.7
Dodging        | 5 6 7 |  7.0

Action                   |  1- 3 |  4- 6 |  7- 9 | 10-12 || total
-------------------------+-------+-------+-------+-------++-------
Melee: Hand axe          |    94 |   144 |   266 |       ||   504
       Headbutt          |    11 |    27 |    67 |     5 ||   110
       Battleaxe         |       |       |    18 |    37 ||    55
Invok: Berserk           |     1 |     4 |     2 |     1 ||     8
  Use: Scroll            |     1 |     4 |     1 |       ||     6
  Eat: Chunk             |     3 |     4 |    13 |     1 ||    21
       Ration            |       |     2 |       |     1 ||     3
Armor: Animal skin       |    10 |       |       |       ||    10
       Ring mail         |     3 |    23 |       |       ||    26
       Chain mail        |       |    13 |    13 |     8 ||    34
       Plate armour      |       |     2 |    96 |       ||    98
Dodge: Dodged            |    46 |    60 |    74 |    21 ||   201
